NYP
MINNESOTA (NYP) TWINS @ MAHONING VALLEY SCRAPPERS
06/07/2044
 
TOP OF THE 1ST
Minnesota (NYP) Twins batting - Pitching for Mahoning Valley Scrappers : RHP Joe Zeiset
Pitching: RHP Joe Zeiset
Batting: LHB Chris Munguia 0-0: Called Strike
0-1: Called Strike
0-2: Foul Ball, location: 2F
0-2: Ball
1-2: Ball
2-2: Strikes out swinging
Batting: RHB David Nardone 0-0: Called Strike
0-1: Swinging Strike
0-2: Foul Ball, location: 2F
0-2: Ball
1-2: Strikes out swinging
Batting: RHB Miguel Diaz 0-0: Foul Ball, location: 2F
0-1: Ball
1-1: Foul Ball, location: 2F
1-2: Strikes out swinging
Top of the 1st over - 0 runs, 0 hits, 0 errors, 0 left on base; Minnesota (NYP) 0 - Mahoning Valley 0
BOTTOM OF THE 1ST
Mahoning Valley Scrappers batting - Pitching for Minnesota (NYP) Twins : LHP Josh Armstrong
Pitching: LHP Josh Armstrong
Batting: LHB John Harring 0-0: Ground out 6-3 (Groundball, 6M, EV 107.5 MPH)
Batting: RHB Juan Padilla 0-0: Ball
1-0: Called Strike
1-1: Fly out, F9 (Flyball, 9D, EV 102.5 MPH)
Batting: RHB Ryan Gautney 0-0: Fly out, F8 (Line Drive, 8LD, EV 103.1 MPH)
Bottom of the 1st over - 0 runs, 0 hits, 0 errors, 0 left on base; Minnesota (NYP) 0 - Mahoning Valley 0
TOP OF THE 2ND
Minnesota (NYP) Twins batting - Pitching for Mahoning Valley Scrappers : RHP Joe Zeiset
Batting: RHB Michael McDonald 0-0: SINGLE (Line Drive, 34D, EV 95.6 MPH)
Batting: RHB Graham Calvert 0-0: Called Strike
0-1: Called Strike
0-2: Fielders Choice at 2nd, 4-6 (Groundball, 34, EV 101.3 MPH)
Batting: RHB Tony Crespo 0-0: Ball
1-0: Called Strike
1-1: Ball
2-1: Called Strike
2-2: Foul Ball, location: 2F
2-2: Strikes out looking
Batting: RHB Chris Starcher 0-0: Ball
1-0: Ball
2-0: Foul Ball, location: 2F
2-1: Ground out 4-3 (Groundball, 4, EV 87.5 MPH)
Top of the 2nd over - 0 runs, 1 hit, 0 errors, 1 left on base; Minnesota (NYP) 0 - Mahoning Valley 0
BOTTOM OF THE 2ND
Mahoning Valley Scrappers batting - Pitching for Minnesota (NYP) Twins : LHP Josh Armstrong
Batting: RHB Jeremy Givens 0-0: SOLO HOME RUN (Flyball, 7D, EV 96.3 MPH), Distance : 363 ft
Batting: LHB Devon Grant 0-0: SOLO HOME RUN (Flyball, 9D, EV 103.1 MPH), Distance : 382 ft
Batting: RHB Andy Lewis 0-0: Called Strike
0-1: Ball
1-1: Ball
2-1: Called Strike
2-2: Ball
3-2: Foul Ball, location: 2F
3-2: SINGLE (Groundball, 4MD, EV 101.3 MPH)
Batting: RHB Blake Kelly 0-0: Called Strike
0-1: Ball
1-1: Called Strike
1-2: Foul Ball, location: 2F
1-2: Ball
2-2: Grounds into double play, 5-4-3 (Groundball, 56, EV 107.5 MPH)
Batting: RHB Gashie Chimsima 0-0: Fly out, F5 (Popup, 25, EV 88.1 MPH)
Bottom of the 2nd over - 2 runs, 3 hits, 0 errors, 0 left on base; Minnesota (NYP) 0 - Mahoning Valley 2
TOP OF THE 3RD
Minnesota (NYP) Twins batting - Pitching for Mahoning Valley Scrappers : RHP Joe Zeiset
Batting: LHB Seung-jun Chang 0-0: Ball
1-0: Called Strike
1-1: Ball
2-1: Called Strike
2-2: Ball
3-2: Foul Ball, location: 2F
3-2: Strikes out swinging
Batting: SHB Donell Burney 0-0: Called Strike
0-1: Ground out 5-3 (Groundball, 5, EV 91.9 MPH)
Batting: LHB Chris Munguia 0-0: Ball
1-0: Ball
2-0: Ball
3-0: SOLO HOME RUN (Flyball, 9LD, EV 95.0 MPH), Distance : 347 ft
Batting: RHB David Nardone 0-0: DOUBLE (Line Drive, 78D, EV 106.9 MPH)
Batting: RHB Miguel Diaz 0-0: Ball
1-0: Called Strike
1-1: Foul Ball, location: 2F
1-2: Ball
2-2: Strikes out swinging
Top of the 3rd over - 1 run, 2 hits, 0 errors, 1 left on base; Minnesota (NYP) 1 - Mahoning Valley 2
BOTTOM OF THE 3RD
Mahoning Valley Scrappers batting - Pitching for Minnesota (NYP) Twins : LHP Josh Armstrong
Batting: RHB Willie Gonzales 0-0: Bunt for hit to 2L - play at first, batter safe!
Batting: LHB John Harring 0-0: Ball
1-0: Called Strike
1-1: Called Strike
1-2: Fly out, F9 (Flyball, 9LD, EV 101.3 MPH)
Batting: RHB Juan Padilla 0-0: Called Strike
0-1: Called Strike
Willie Gonzales steals 2nd, throwing error, E2
Willie Gonzales to third
0-2: Foul Ball, location: 2F
0-2: Ball
1-2: Strikes out swinging
Batting: RHB Ryan Gautney 0-0: Called Strike
0-1: Foul Ball, location: 2F
0-2: Foul Ball, location: 2F
0-2: Fly out, F3 (Flyball, 3D, EV 91.3 MPH)
Bottom of the 3rd over - 0 runs, 1 hit, 1 error, 1 left on base; Minnesota (NYP) 1 - Mahoning Valley 2
TOP OF THE 4TH
Minnesota (NYP) Twins batting - Pitching for Mahoning Valley Scrappers : RHP Joe Zeiset
Batting: RHB Michael McDonald 0-0: Ball
1-0: SINGLE (Groundball, 6D, EV 97.5 MPH)
Batting: RHB Graham Calvert 0-0: Swinging Strike
0-1: Ball
1-1: Ball
2-1: Ball
3-1: Foul Ball, location: 2F
3-2: Base on Balls
Michael McDonald to second
Batting: RHB Tony Crespo 0-0: Ball
1-0: Ball
2-0: Swinging Strike
2-1: Fielders Choice at 2nd, 6-4 (Groundball, 6, EV 105.0 MPH)
Michael McDonald to third
Batting: RHB Chris Starcher 0-0: Called Strike
Tony Crespo steals 2nd base
0-1: Fly out, F9 (Flyball, 89M, EV 81.3 MPH)
Batting: LHB Seung-jun Chang 0-0: Ball
1-0: Ball
2-0: Foul Ball, location: 2F
2-1: Ball
3-1: Ground out 4-3 (Groundball, 4, EV 100.6 MPH)
Top of the 4th over - 0 runs, 1 hit, 0 errors, 2 left on base; Minnesota (NYP) 1 - Mahoning Valley 2
BOTTOM OF THE 4TH
Mahoning Valley Scrappers batting - Pitching for Minnesota (NYP) Twins : LHP Josh Armstrong
Batting: RHB Jeremy Givens 0-0: SOLO HOME RUN (Flyball, 7LD, EV 96.9 MPH), Distance : 354 ft
Batting: LHB Devon Grant 0-0: Ball
1-0: Swinging Strike
1-1: Ground out 6-3 (Groundball, 56, EV 83.8 MPH)
Batting: RHB Andy Lewis 0-0: Called Strike
0-1: SINGLE (Groundball, 56S, EV 73.1 MPH) (infield hit)
Batting: RHB Blake Kelly 0-0: Foul Ball, location: 2F
0-1: Called Strike
0-2: Ball
Andy Lewis is caught stealing 2nd base 2-4
1-2: Ball
2-2: Strikes out swinging
Bottom of the 4th over - 1 run, 2 hits, 0 errors, 0 left on base; Minnesota (NYP) 1 - Mahoning Valley 3
TOP OF THE 5TH
Minnesota (NYP) Twins batting - Pitching for Mahoning Valley Scrappers : RHP Joe Zeiset
Batting: SHB Donell Burney 0-0: Swinging Strike
0-1: Called Strike
0-2: Ball
1-2: Fly out, F9 (Line Drive, 9S, EV 91.9 MPH)
Batting: LHB Chris Munguia 0-0: Called Strike
0-1: Fly out, F9 (Flyball, 9D, EV 98.8 MPH)
Batting: RHB David Nardone 0-0: Called Strike
0-1: Foul Ball, location: 2F
0-2: Ground out 4-3 (Groundball, 4, EV 96.9 MPH)
Top of the 5th over - 0 runs, 0 hits, 0 errors, 0 left on base; Minnesota (NYP) 1 - Mahoning Valley 3
BOTTOM OF THE 5TH
Mahoning Valley Scrappers batting - Pitching for Minnesota (NYP) Twins : LHP Josh Armstrong
Batting: RHB Gashie Chimsima 0-0: Ball
1-0: Called Strike
1-1: Foul Ball, location: 2F
1-2: Foul Ball, location: 2F
1-2: Strikes out swinging
Batting: RHB Willie Gonzales 0-0: Foul Ball, location: 2F
0-1: Ball
1-1: Fly out, F7 (Flyball, 7S, EV 90.6 MPH)
Batting: LHB John Harring 0-0: Fly out, F6 (Line Drive, 6, EV 62.5 MPH)
Bottom of the 5th over - 0 runs, 0 hits, 0 errors, 0 left on base; Minnesota (NYP) 1 - Mahoning Valley 3
TOP OF THE 6TH
Minnesota (NYP) Twins batting - Pitching for Mahoning Valley Scrappers : RHP Joe Zeiset
Pitching: LHP J.J. Adkins
Batting: RHB Miguel Diaz 0-0: Ground out 4-3 (Groundball, 4, EV 91.3 MPH)
Batting: RHB Michael McDonald 0-0: Ball
1-0: Ball
2-0: Called Strike
2-1: Fly out, F4 (Popup, 4MD, EV 65.6 MPH)
Batting: RHB Graham Calvert 0-0: SINGLE (Line Drive, 56, EV 106.9 MPH)
Batting: RHB Tony Crespo 0-0: Called Strike
0-1: Called Strike
0-2: Strikes out looking
Top of the 6th over - 0 runs, 1 hit, 0 errors, 1 left on base; Minnesota (NYP) 1 - Mahoning Valley 3
BOTTOM OF THE 6TH
Mahoning Valley Scrappers batting - Pitching for Minnesota (NYP) Twins : LHP Josh Armstrong
Batting: RHB Juan Padilla 0-0: Ground out 1-3 (Groundball, 13, EV 71.9 MPH)
Batting: RHB Ryan Gautney 0-0: Ball
1-0: SINGLE (Groundball, 5S, EV 61.9 MPH) (infield hit)
Batting: RHB Jeremy Givens 0-0: Foul Ball, location: 2F
0-1: Ball
1-1: Fielders Choice at 2nd, 3-6 (Groundball, 34, EV 90.0 MPH)
Batting: LHB Devon Grant 0-0: Called Strike
Jeremy Givens steals 2nd base
0-1: Ball
1-1: Ball
2-1: Foul Ball, location: 2F
2-2: Ball
3-2: Strikes out swinging
Bottom of the 6th over - 0 runs, 1 hit, 0 errors, 1 left on base; Minnesota (NYP) 1 - Mahoning Valley 3
TOP OF THE 7TH
Minnesota (NYP) Twins batting - Pitching for Mahoning Valley Scrappers : LHP J.J. Adkins
Pitching: RHP Josh Hughes
Batting: RHB Chris Starcher 0-0: Ball
1-0: Swinging Strike
1-1: Foul Ball, location: 2F
1-2: Strikes out looking
Batting: LHB Seung-jun Chang 0-0: Ball
1-0: SINGLE (Groundball, 13S, EV 73.1 MPH) (infield hit)
Batting: SHB Donell Burney 0-0: Called Strike
Seung-jun Chang steals 2nd base (no throw)
0-1: Swinging Strike
0-2: Ground out U3 (Groundball, 3L, EV 80.0 MPH)
Seung-jun Chang to third
Batting: LHB Chris Munguia 0-0: Fly out, F9 (Line Drive, 9D, EV 85.6 MPH)
Top of the 7th over - 0 runs, 1 hit, 0 errors, 1 left on base; Minnesota (NYP) 1 - Mahoning Valley 3
BOTTOM OF THE 7TH
Mahoning Valley Scrappers batting - Pitching for Minnesota (NYP) Twins : LHP Josh Armstrong
Batting: RHB Andy Lewis 0-0: Called Strike
0-1: Swinging Strike
0-2: Strikes out swinging
Batting: RHB Blake Kelly 0-0: Ball
1-0: Ball
2-0: Foul Ball, location: 2F
2-1: Called Strike
2-2: Foul Ball, location: 2F
2-2: Ball
3-2: Base on Balls
Pitching: RHP Kevin Colgin
Batting: RHB Gashie Chimsima 0-0: Swinging Strike
0-1: Foul Ball, location: 2F
0-2: Strikes out swinging
Batting: RHB Willie Gonzales 0-0: Ball
1-0: Called Strike
1-1: Ball
2-1: Called Strike
2-2: Reached on error, E5 (Groundball, 56, EV 85.0 MPH)
Blake Kelly to second
Batting: LHB John Harring 0-0: Swinging Strike
0-1: Foul Ball, location: 2F
0-2: Fly out, F6 (Popup, 6MS, EV 70.6 MPH)
Bottom of the 7th over - 0 runs, 0 hits, 1 error, 2 left on base; Minnesota (NYP) 1 - Mahoning Valley 3
TOP OF THE 8TH
Minnesota (NYP) Twins batting - Pitching for Mahoning Valley Scrappers : RHP Josh Hughes
Batting: RHB David Nardone 0-0: Fly out, F8 (Flyball, 8LD, EV 93.1 MPH)
Batting: RHB Miguel Diaz 0-0: Called Strike
0-1: Ball
1-1: Ball
2-1: Ball
3-1: Base on Balls
Batting: RHB Michael McDonald 0-0: Ball
1-0: Fly out, F7 (Flyball, 7S, EV 91.3 MPH)
Batting: RHB Graham Calvert 0-0: Ball
Passed Ball!
Miguel Diaz to second
1-0: Foul Ball, location: 2F
1-1: Foul Ball, location: 2F
1-2: Ball
2-2: Ball
3-2: Reached on error, E3 (Groundball, 34, EV 79.4 MPH)
Miguel Diaz to third
Batting: RHB Tony Crespo 0-0: Foul Ball, location: 2F
0-1: Foul Ball, location: 2F
0-2: Ball
1-2: Ball
2-2: Strikes out looking
Top of the 8th over - 0 runs, 0 hits, 1 error, 2 left on base; Minnesota (NYP) 1 - Mahoning Valley 3
BOTTOM OF THE 8TH
Mahoning Valley Scrappers batting - Pitching for Minnesota (NYP) Twins : RHP Kevin Colgin
Batting: RHB Juan Padilla 0-0: Ball
1-0: Ball
2-0: Fly out, F4 (Line Drive, 4, EV 72.5 MPH)
Batting: RHB Ryan Gautney 0-0: Ball
1-0: Called Strike
1-1: Fly out, F6 (Line Drive, 6, EV 68.8 MPH)
Batting: RHB Jeremy Givens 0-0: Called Strike
0-1: SINGLE (Flyball, 9LS, EV 95.0 MPH)
Pitching: RHP Matt Lundy
Batting: LHB Devon Grant 0-0: Called Strike
Jeremy Givens steals 2nd base
0-1: Ball
1-1: Fly out, F4 (Popup, 4D, EV 60.0 MPH)
Bottom of the 8th over - 0 runs, 1 hit, 0 errors, 1 left on base; Minnesota (NYP) 1 - Mahoning Valley 3
TOP OF THE 9TH
Minnesota (NYP) Twins batting - Pitching for Mahoning Valley Scrappers : RHP Josh Hughes
Pitching: RHP Chris DeVall
Batting: RHB Chris Starcher 0-0: Foul Ball, location: 2F
0-1: Foul Ball, location: 2F
0-2: Ball
1-2: Foul Ball, location: 2F
1-2: Strikes out swinging
Batting: LHB Seung-jun Chang 0-0: Ball
1-0: Ball
2-0: Called Strike
2-1: Foul Ball, location: 2F
2-2: Ball
3-2: Base on Balls
Pinch Hitting: RHB Jose Nunez 0-0: Ball
1-0: Called Strike
1-1: Ball
2-1: Fly out, F7 (Line Drive, 7D, EV 91.9 MPH)
Batting: LHB Chris Munguia 0-0: Ball
1-0: Ball
2-0: Swinging Strike
2-1: Foul Ball, location: 2F
2-2: Foul Ball, location: 2F
2-2: Strikes out swinging
Top of the 9th over - 0 runs, 0 hits, 0 errors, 1 left on base; Minnesota (NYP) 1 - Mahoning Valley 3
Thursday, March 31st , 2022 - OOTP Baseball 22.12 Build 89